 Dungeon Crawl Stone Soup version 0.31.0-9-g3a7656b989 (webtiles) character file.

Game seed: 14699211182917711012

119 qw the Shooter (level 4, 0/22 HPs)
             Began as a Spriggan Hunter on Feb 2, 2024.
             Succumbed to an adder's poison
             ... on level 3 of the Dungeon.
             The game lasted 00:00:10 (2579 turns).

qw the Shooter (Spriggan Hunter)                    Turns: 2579, Time: 00:00:11

Health: 0/22       AC:  2    Str:  7    XL:     4   Next: 73%
Magic:  5/5        EV: 20    Int: 10    God:
Gold:   202        SH:  0    Dex: 20    Spells: 3/3 levels left

rFire   . . .        f - +0 orcbow
rCold   . . .        (shield currently unavailable)
rNeg    . . .        c - +0 robe
rPois   .            (helmet restricted)
rElec   .            (no cloak)
rCorr   .            (gloves unavailable)
SInv    +            (boots unavailable)
Will    .....        (no amulet)
Stlth   ++           (no ring)
HPRegen 0.23/turn    (no ring)
MPRegen 0.09/turn

%: no passive effects
@: lethally poisoned (0 -> -2), very quick
A: very small, no large weapons, unfitting armour, see invisible, speed 3
a: no special abilities


You were on level 3 of the Dungeon.
You visited 1 branch of the dungeon, and saw 4 of its levels.

You collected 202 gold pieces.


Innate Abilities, Weirdness & Mutations

You are very small and have problems with some larger weapons.
You are too small for most types of armour.
You have supernaturally acute eyesight. (SInv)
You cover ground extremely quickly. (Speed+++)


   Skills:
 + Level 1.6 Fighting
 - Level 5.1 Ranged Weapons
 - Level 5.1 Dodging
 - Level 1.5 Stealth


You had 3 spell levels left.
You didn't know any spells.
Your spell library was empty.

Inventory:

Hand Weapons
 f - a +0 orcbow (weapon)
Armour
 c - a +0 robe (worn)
Scrolls
 h - a scroll of enchant armour
Potions
 b - a potion of haste
 d - 2 potions of mutation
 e - a potion of degeneration {unknown}

Dungeon Overview and Level Annotations

Branches:
Dungeon (4/15)
 Temple: D:4-7

Altars:
Ashenzari
Cheibriados
Hepliaklqana
Kikubaaqudgha


Message History

You feel sick.
Your Dodging skill increases to level 5!
You start resting.
You feel sick.
You are no longer poisoned.
HP restored.
You climb downwards.
The orc shouts!
The adder misses you.
The endoplasm hits you but does no damage.
There is a stone staircase leading up here.
2573 ||| STAIRDANCE The adder bites you.
The endoplasm hits you. The orc misses you. The adder misses you.
You climb upwards.
There is a stone staircase leading down here.
You shoot an arrow. The arrow hits the orc!
You kill the orc!
The endoplasm misses you. The adder barely misses you.
The endoplasm barely misses you.
You shoot an arrow. The arrow barely misses the adder.
The adder bites you.
You are poisoned.
The adder poisons you! The adder bites you. The endoplasm freezes you.
You are frozen.
You shoot an arrow. The arrow hits the adder.
The adder is moderately wounded.
You feel sick. The adder bites you but does no damage.
The endoplasm freezes you.
You are frozen.
The adder completely misses you.
You shoot an arrow. The arrow hits the adder.
The adder is heavily wounded.
You feel sick. The endoplasm freezes you.
You are frozen.
The adder closely misses you. The endoplasm closely misses you.
The adder bites you.
You shoot an arrow. The arrow hits the adder!
You kill the adder!
You die...

#....#(.....####........######
#...........# ##.##..........
####...........# ##.##..########
...'...........# #..##...##....#
####...........# ##.###.}....~_.#
#...........###..###.....~...#
##########....(..###...~..~...#
#.....# #....%#.......~~~~..##
#.....# #...J@)......~~~~~..##
#.:...# #######...#...~~~~...#
#.....# #...#...~~~..}.. #.....#
#...###........#
###.....##########)..######.##..#
..'.....'....[..............##.##
###.....##########...#########.#
####### #...# #.# #...# #.#


You could see an endoplasm.

Vanquished Creatures
  5 adders
  2 dart slugs
  A ribbon worm (D:2)
  4 orcs (D:3)
  7 ball pythons
  7 endoplasms
  2 giant cockroaches
  7 hobgoblins
  A quokka (D:3)
  7 bats
  7 frilled lizards
  8 goblins
  7 kobolds
  10 rats
75 creatures vanquished.

Notes
Turn   | Place    | Note
-------+----------+-------------------------------------------
     0 | D:1      | qw the Spriggan Hunter began the quest for the Orb.
     0 | D:1      | Reached XP level 1. HP: 10/10 MP: 2/2
     0 | D:1      | 0 ||| qw: Version: 0.3-a-155-g5e7d8dd
     0 | D:1      | 0 ||| qw: Game counter: 824
     0 | D:1      | 0 ||| qw: Melee chars always use a shield: true
     0 | D:1      | 0 ||| qw: God list: Okawaru
     0 | D:1      | 0 ||| qw: Allow faded altars: false
     0 | D:1      | 0 ||| qw: Do Orc after clearing Dungeon:15 true
     0 | D:1      | 0 ||| qw: Do second Lair branch before Depths: true
     0 | D:1      | 0 ||| qw: Lair rune preference: random
     0 | D:1      | 0 ||| qw: Goals: Normal
     0 | D:1      | 0 ||| PLANNING D:1-11
    31 | D:1      | Reached skill level 3 in Dodging
    92 | D:1      | Reached XP level 2. HP: 14/14 MP: 3/3
   312 | D:1      | Found a faded altar of an unknown god.
   577 | D:1      | 577 ||| READING scroll labelled XEHIWU MIKK.
   577 | D:1      | 577 ||| IDENTIFYING pink potion
   578 | D:1      | 578 ||| DROPPING scroll of butterflies.
   609 | D:2      | Reached XP level 3. HP: 11/18 MP: 4/4
   609 | D:2      | 609 ||| FLEEEEING.
   610 | D:2      | 610 ||| FLEEEEING.
   612 | D:2      | 612 ||| FLEEEEING.
   613 | D:2      | 613 ||| FLEEEEING.
   614 | D:2      | 614 ||| FLEEEEING.
   615 | D:2      | 615 ||| FLEEEEING.
   616 | D:2      | 616 ||| FLEEEEING.
   617 | D:2      | 617 ||| FLEEEEING.
   618 | D:2      | 618 ||| FLEEEEING.
   619 | D:2      | 619 ||| STAIRDANCE
   658 | D:2      | 658 ||| STAIRDANCE
   951 | D:2      | HP: 3/18 [hobgoblin (3)]
  1060 | D:2      | Reached XP level 4. HP: 6/22 MP: 5/5
  1060 | D:2      | 1060 ||| DRINKING potion of curing.
  1060 | D:2      | 1060 ||| (to cure poison)
  1074 | D:2      | 1074 ||| FLEEEEING.
  1097 | D:2      | Found a snail-covered altar of Cheibriados.
  1234 | D:2      | 1234 ||| DROPPING amulet of magic regeneration.
  1235 | D:2      | 1235 ||| READING 2 scrolls of identify.
  1235 | D:2      | 1235 ||| IDENTIFYING sapphire potion
  1236 | D:2      | 1236 ||| READING scroll of identify.
  1236 | D:2      | 1236 ||| IDENTIFYING cyan potion
  1237 | D:2      | 1237 ||| READING 3 scrolls labelled VICIOLUASU.
  1338 | D:2      | 1338 ||| READING 2 scrolls labelled BONTOSSI FOATZ.
  1338 | D:2      | 1338 ||| ENCHANTING +0 shortbow.
  1339 | D:2      | 1339 ||| READING scroll labelled JAUTIR OXZUD.
  1340 | D:2      | 1340 ||| DROPPING potion of invisibility.
  1341 | D:2      | 1341 ||| DROPPING 2 scrolls of vulnerability.
  1496 | D:3      | Found an ancient bone altar of Kikubaaqudgha.
  1541 | D:3      | Found a broken altar of Ashenzari.
  2166 | D:3      | 2166 ||| SWAPPING to +0 orcbow.
  2168 | D:3      | 2168 ||| DROPPING +0 shortbow.
  2436 | D:3      | 2436 ||| DRINKING 3 murky clear potions.
  2436 | D:3      | Gained mutation: You sometimes lose your temper in combat.
                  | [potion of mutation]
  2436 | D:3      | Lost mutation: You sometimes lose your temper in combat.
                  | [potion of mutation]
  2500 | D:4      | Found a hazy altar of Hepliaklqana.
  2502 | D:4      | 2502 ||| STAIRDANCE
  2573 | D:4      | 2573 ||| STAIRDANCE
  2578 | D:3      | HP: 5/22 [frozen (1)]
  2578 | D:3      | HP: 2/22 [adder (3)]
  2579 | D:3      | Succumbed to an adder's poison

Levels and vault maps discovered:
D:1:      onia_arrival_mini_spirals, layout_basic,
          shapermc_ecumenical_altar_mp_ritualfount
D:2:      layout_basic, basic_altar
D:3:      layout_basic, ashenzari_conservatory_becter, kiku_gazebo_pond_becter,
          serial_forest, infiniplex_forest_end_double,
          infiniplex_forest_clump_curved, infiniplex_forest_corner_1,
          infiniplex_forest_end_2, infiniplex_forest_lined_2,
          infiniplex_forest_zigzag_1
D:4:      layout_basic, mainiacjoe_overflow_catwalk,
          gammafunk_temple_overflow_statue

Skill      XL: |  1  2  3  4 |
---------------+-------------+-----
Dodging        | 3 4 5 |  5.1
Ranged Weapons | 5 |  5.1
Fighting       | |  1.6
Stealth        | |  1.5

Action                     |  1- 3 |  4- 6 || total
---------------------------+-------+-------++-------
   Fire: Shortbow          |   129 |    64 ||   193
         Orcbow            |       |    22 ||    22
    Use: Scroll            |     1 |     5 ||     6
         Potion            |       |     2 ||     2
 Armour: Robe              |    13 |    15 ||    28
  Dodge: Dodged            |    30 |    40 ||    70

Table legend:
 A = Non-vault XP
 B = Vault XP
 C = Vault XP percentage of total XP
 D = Non-vault monster count
 E = Vault monster count
 F = Vault count percentage of total count
                 A         B        C        D         E       F
            +---------+---------+-------+---------+---------+-------
      Total |     183 |       0 |   0.0 |      75 |       0 |   0.0
            +---------+---------+-------+---------+---------+-------
        D:1 |      41 |       0 |   0.0 |      27 |       0 |   0.0
        D:2 |      62 |       0 |   0.0 |      24 |       0 |   0.0
        D:3 |      80 |       0 |   0.0 |      24 |       0 |   0.0
            +---------+---------+-------+---------+---------+-------
